 Dungeon Crawl Stone Soup version 0.22.1-2-g9c5b331 (webtiles) character file.

75 Harpaggios the Sneak (level 4, 0/21 HPs)
             Began as a Vine Stalker Enchanter on Dec 31, 2018.
             Slain by an adder (1 damage)
             ... on level 2 of the Dungeon.
             The game lasted 00:06:40 (2023 turns).

Harpaggios the Sneak (Vine Stalker Enchanter)       Turns: 2023, Time: 00:06:40

Health: 0/21       AC:  2    Str: 10    XL:     4   Next: 31%
Magic:  0/8        EV: 12    Int: 15    God:
Gold:   39         SH:  0    Dex: 16    Spells: 1/7 levels left

rFire    . . .     SeeInvis .   h - -3 dagger (curse)
rCold    . . .     Gourm    .   (no shield)
rNeg     . . .     Faith    .   b - +0 robe
rPois    .         Spirit   +   (no helmet)
rElec    .         Reflect  .   (no cloak)
rCorr    .         Harm     .   (no gloves)
MR       .....                  (no boots)
Stlth    +++.......             (no amulet)
HPRegen  0.47/turn              (no ring)
MPRegen  0.11/turn              (no ring)

@: lethally poisoned (0 -> 0)
A: fangs 2, regeneration 1, magic shield, antimagic bite, no potion heal 3, rot
immunity
a: no special abilities


You were on level 2 of the Dungeon.
You were not hungry.

You visited 1 branch of the dungeon, and saw 2 of its levels.

You collected 39 gold pieces.

Inventory:

Hand Weapons
 a - a +1 dagger
 h - a cursed -3 dagger (weapon)
 l - a +4 short sword
Armour
 b - a +0 robe (worn)
Jewellery
 f - an uncursed ring of wizardry {unknown}
Scrolls
 j - a scroll of teleportation
Potions
 e - a potion of brilliance {unknown}
 g - a potion of lignification {unknown}
 i - a potion of curing {unknown}
 k - 2 potions of heal wounds {unknown}
Comestibles
 c - 3 chunks of flesh
 d - a ration


   Skills:
 + Level 1.8 Short Blades
 - Level 1.5 Dodging
 + Level 4.4 Stealth
 - Level 2.1 Spellcasting
 * Level 4.1 Hexes


You had one spell level left.
You knew the following spells:

 Your Spells              Type           Power        Failure   Level  Hunger
a - Corona                Hex            ##.....      4%          1    #......
b - Ensorcelled Hibernat  Hex/Ice        #.....       14%         2    ###....
c - Tukima's Dance        Hex            ##......     12%         3    ###....

Your spell library contained the following spells:

 Spells                   Type           Power        Failure   Level  Hunger
 Confuse                  Hex            ##......     12%         3    ###....
 Dazzling Spray           Conj/Hex       #.....       28%         3    ###....


Dungeon Overview and Level Annotations

Branches:
Dungeon (2/15)

Altars:
Ashenzari


Innate Abilities, Weirdness & Mutations

You have extremely sharp teeth.
Your natural rate of healing is unusually fast.
When hurt, damage is shared between your health and your magic reserves.
Your bite disrupts and absorbs the magic of your enemies.
Potions cannot restore your health.
You are immune to rotting.


Message History

You feel sick. The adder bites you.
* * * LOW HITPOINT WARNING * * *
You barely miss the adder.
The adder is almost dead.
The adder bites you but does no damage.
You barely miss the adder. Your bite misses the adder.
The adder is almost dead.
You feel sick. The adder barely misses you. The adder bites you.
* * * LOW HITPOINT WARNING * * *
You miss the adder.
The adder is almost dead.
The adder bites you.
You hit the adder.
The adder is almost dead.
You feel sick. The adder bites you.
* * * LOW HITPOINT WARNING * * *
You closely miss the adder. Your bite misses the adder.
The adder is almost dead.
The adder bites you.
You die...

############### #.............#
#.###.####.##.##### #.# #.#
#.##.....# #.# #.#
#.##.###.########## #.#
#.####..#.# #.#........# #.#
#.......#.###.#........#
#.###......................####
#....(.>........@S.........'..+
#.###.####..#.###..).......##....
#.# #.# #.................###...
#.# #.## ##.#####..........#.##..
#.# #.<# #.#####..........#..##.
..# #..# #....................##
### #..# ######....####........#
##.# #....# #...#..... #.#
######.#### #...#.....


You could see an adder.

Vanquished Creatures
  3 gnolls (D:2)
  2 worms (D:2)
  3 dart slugs (D:1)
  2 giant cockroaches (D:1)
  3 goblins
  3 hobgoblins
  3 jackals (D:1)
  7 kobolds
  2 bats (D:1)
  4 frilled lizards
  7 rats
39 creatures vanquished.

Notes
Turn   | Place    | Note
-------+----------+-------------------------------------------
     0 | D:1      | Harpaggios the Vine Stalker Enchanter began the quest for
                  | the Orb.
     0 | D:1      | Reached XP level 1. HP: 9/9 MP: 4/4
    41 | D:1      | Reached skill level 1 in Short Blades
    75 | D:1      | Reached XP level 2. HP: 1/13 MP: 0/6
   792 | D:1      | Reached XP level 3. HP: 16/16 MP: 7/7
  1315 | D:2      | Learned a level 2 spell: Ensorcelled Hibernation
  1319 | D:2      | Learned a level 3 spell: Tukima's Dance
  1731 | D:2      | Found a shattered altar of Ashenzari.
  1765 | D:2      | Gained mutation: Your natural rate of healing is unusually
                  | fast. [Vine Stalker growth]
  1765 | D:2      | Reached XP level 4. HP: 2/21 MP: 0/8
  2022 | D:2      | HP: 1/21 [adder (1)]
  2023 | D:2      | Slain by an adder

Skill      XL: |  1  2  3 |
---------------+----------+-----
Short Blades   | 1 |  1.8
Stealth        | 4 |  4.4
Hexes          | 4 |  4.1
Dodging        | |  1.5
Spellcasting   | |  2.1

Action                   |  1- 3 |  4- 6 || total
-------------------------+-------+-------++-------
Melee: Dagger            |   135 |    59 ||   194
       Bite              |    29 |    10 ||    39
 Cast: Ensorcelled Hiber |     2 |     4 ||     6
  Use: Scroll            |     3 |       ||     3
 Stab: Sleeping          |     8 |     1 ||     9
  Eat: Chunk             |     3 |     1 ||     4
Armor: Robe              |    11 |     2 ||    13
Dodge: Dodged            |    62 |    35 ||    97
